 Dungeon Crawl Stone Soup version 0.26-a0-362-g1d9a9cd4fa (webtiles) character file.

Game seed: 14751331827249950875

1304 Glokmah the Destroyer (level 8, -2/45 HPs)
             Began as a Deep Elf Conjurer on July 18, 2020.
             Splashed by a jelly's acid (11 damage)
             ... on level 7 of the Dungeon.
             The game lasted 00:15:28 (7057 turns).

Glokmah the Destroyer (Deep Elf Conjurer)           Turns: 7057, Time: 00:15:29

Health: -2/45      AC: -2    Str:  7    XL:     8   Next: 31%
Magic:  15/18      EV: 15    Int: 28    God:
Gold:   326        SH:  0    Dex: 17    Spells: 4/18 levels left

rFire    . . .     SeeInvis .   a - +5 dagger "Ultimatum" {drain, Str+3 Int+2}
rCold    . . .     Faith    .   (no shield)
rNeg     . . .     Spirit   .   l - +0 robe
rPois    +         Reflect  .   (no helmet)
rElec    .         Harm     .   A - -1 cloak (curse)
rCorr    .                      (no gloves)
MR       .....                  (no boots)
Stlth    ++........             (no amulet)
HPRegen  0.15/turn              z - ring of wizardry
MPRegen  0.16/turn              x - ring "Hian" {rPois Dex+4}

@: corroded
A: no striking features
a: no special abilities


You were on level 7 of the Dungeon.
You visited 1 branch of the dungeon, and saw 7 of its levels.
You also visited: Sewer.

You collected 326 gold pieces.

Inventory:

Hand Weapons
 a - the +5 dagger "Ultimatum" (weapon) {drain, Str+3 Int+2}
   (You found it on level 4 of the Dungeon)

   A truly terrible weapon, it drains the life of those it strikes.
   It affects your strength (+3).
   It affects your intelligence (+2).
 b - a +1 dagger of electrocution
Missiles
 g - 6 curare-tipped darts
 w - 208 stones (quivered)
 C - 10 poisoned darts
Armour
 l - a +0 robe (worn)
 v - a +0 tower shield
 A - a cursed -1 cloak (worn)
Jewellery
 x - the ring "Hian" (right hand) {rPois Dex+4}
   (You found it on level 4 of the Dungeon)

   [ring of poison resistance]

   It affects your dexterity (+4).
   It protects you from poison.
 z - a ring of wizardry (left hand)
Wands
 h - a wand of digging (3)
 r - a wand of iceblast (5)
 u - a wand of polymorph (8)
 D - a wand of acid (8)
Scrolls
 j - 3 scrolls of teleportation
 k - 7 scrolls of identify
 p - 3 scrolls of remove curse
 t - a scroll of magic mapping
 y - a scroll of amnesia
 B - a scroll of enchant armour {unknown}
Potions
 c - 2 potions of might {unknown}
 d - a potion of resistance
 e - 3 potions of magic {unknown}
 f - a potion of invisibility {unknown}
 i - a potion of brilliance {unknown}
 m - 3 potions of ambrosia {unknown}
 n - a potion of berserk rage {unknown}
 o - 3 potions of heal wounds {unknown}
 q - a potion of haste {unknown}
 s - a potion of curing {unknown}


   Skills:
 + Level 2.9 Fighting
 - Level 1.1 Short Blades
 + Level 4.5 Dodging
 - Level 2.4 Stealth
 + Level 5.6 Spellcasting
 * Level 8.9 Conjurations
 + Level 4.1 Hexes


You had 4 spell levels left.
You knew the following spells:

 Your Spells              Type           Power        Failure   Level
a - Magic Dart            Conj           ####         1%          1
b - Searing Ray           Conj           ######       1%          2
c - Fulminant Prism       Conj/Hex       #####.....   1%          4
d - Dazzling Flash        Conj/Hex       #####.       1%          3
e - Iskenderun's Mystic   Conj/Tloc      ####....     4%          4

Your spell library contained the following spells:

 Spells                   Type           Power        Failure   Level


Dungeon Overview and Level Annotations

Branches:
Dungeon (7/15)              Sewer (visited)
 Temple: D:4-7

Altars:
Cheibriados
Dithmenos
Fedhas
Gozag
Nemelex Xobeh
Okawaru
Qazlal
Uskayaw
Vehumet
Xom
Yredelemnul
The Shining One

Shops:
D:5 ?((


Message History

There is a stone staircase leading up here.
Casting: Searing Ray (safe; 1% risk of failure)
Confirm with . or Enter, or press ? or * to list all spells.
The orc is dazzled.
The ogre is dazzled.
The jelly hits you.
You are splashed with acid!
The orc closely misses you.
You hit the orc.
The orc is heavily wounded.
The jelly hits you but does no damage. The orc closely misses you.
You hit the orc.
You kill the orc!
The jelly hits you. The acid corrodes you!
You are splashed with acid.
You hit the ogre.
The ogre is lightly wounded.
The ogre hits you with a +0 giant club!
* * * LOW HITPOINT WARNING * * *
The jelly misses you. The jelly hits you.
* * * LOW HITPOINT WARNING * * *
You are splashed with acid!
You die...

#+ . #.
...###.#######
........O....#
#.@J?...#
#.......#
#.......#
#.........
....####.#
#....# .
#)...# #....+


You could see an ogre (blind) and a jelly.

Vanquished Creatures
  A phantom (D:5)
  A sky beast (D:6)
  2 centaurs (D:6)
  A bullfrog (D:6)
  A scorpion (D:6)
  2 howler monkeys
  A centaur skeleton (D:4)
  A hound (D:5)
  4 orc wizards
  7 orc priests
  Ijyb (D:4)
  An iguana (D:5)
  5 worker ants
  4 gnolls (D:3)
  A howler monkey skeleton (D:6)
  6 adders
  An ufetubus (D:6)
  A worm (D:4)
  3 dart slugs
  16 orcs
  6 ball pythons
  4 giant cockroaches
  8 goblins
  4 hobgoblins
  14 jackals
  8 kobolds
  4 quokkas
  7 bats
  6 frilled lizards
  A jackal skeleton (D:4)
  A leopard gecko skeleton (D:5)
  5 rats
  A plant (Sewer)
129 creatures vanquished.

Notes
Turn   | Place    | Note
-------+----------+-------------------------------------------
     0 | D:1      | Glokmah the Deep Elf Conjurer began the quest for the Orb.
     0 | D:1      | Reached XP level 1. HP: 10/10 MP: 6/6
   508 | D:1      | Reached XP level 2. HP: 16/16 MP: 4/8
   640 | D:1      | Learned a level 2 spell: Searing Ray
  1006 | D:2      | Reached skill level 5 in Conjurations
  1096 | D:2      | Reached XP level 3. HP: 20/20 MP: 9/9
  1287 | D:2      | Reached skill level 1 in Fighting
  1558 | D:3      | Found a glowing drain.
  1567 | Sewer    | Entered a sewer
  1916 | Sewer    | Reached XP level 4. HP: 25/25 MP: 9/11
  2504 | D:3      | Found a faded altar of an unknown god.
  2520 | D:3      | Reached skill level 6 in Conjurations
  2522 | D:3      | Reached XP level 5. HP: 21/29 MP: 0/12
  2911 | D:3      | Found a snail-covered altar of Cheibriados.
  3032 | D:3      | Found a blossoming altar of Fedhas.
  3272 | D:3      | Learned a level 4 spell: Fulminant Prism
  3628 | D:4      | Reached skill level 7 in Conjurations
  3718 | D:4      | Got a brightly glowing dagger
  3737 | D:4      | Noticed Ijyb
  3745 | D:4      | Killed Ijyb
  3745 | D:4      | Reached skill level 1 in Hexes
  3745 | D:4      | Reached XP level 6. HP: 34/34 MP: 5/14
  3902 | D:4      | Reached skill level 1 in Short Blades
  3915 | D:4      | Got a smoking iron ring
  3991 | D:4      | Identified the ring "Hian" {rPois Dex+4} (You found it on
                  | level 4 of the Dungeon)
  3994 | D:4      | Identified the +5 dagger "Ultimatum" {drain, Str+3 Int+2}
                  | (You found it on level 4 of the Dungeon)
  4035 | D:4      | Learned a level 3 spell: Dazzling Flash
  4395 | D:4      | Found a sparkling altar of Nemelex Xobeh.
  4846 | D:5      | Entered Level 5 of the Dungeon
  4846 | D:5      | Found Udimotsa's Weapon Boutique.
  4860 | D:5      | Reached XP level 7. HP: 32/39 MP: 3/15
  4976 | D:5      | Found a glowing golden altar of the Shining One.
  4978 | D:5      | Noticed an angel
  4983 | D:5      | Found a basalt altar of Yredelemnul.
  4985 | D:5      | Noticed a profane servitor
  5050 | D:5      | Found Honkosoc's Antique Weapon Boutique.
  5092 | D:5      | Found a glowing golden altar of the Shining One.
  5192 | D:5      | Reached skill level 8 in Conjurations
  5399 | D:5      | Found Gannaug's Assorted Antiques.
  5481 | D:5      | Reached skill level 5 in Spellcasting
  5482 | D:5      | Found Zelociwk's Magic Scroll Emporium.
  6158 | D:6      | Learned a level 4 spell: Iskenderun's Mystic Blast
  6212 | D:6      | Reached XP level 8. HP: 45/45 MP: 13/17
  6328 | D:6      | Found a shimmering altar of Xom.
  6329 | D:6      | Found a hide-covered altar of Uskayaw.
  6334 | D:6      | Found a radiant altar of Vehumet.
  6334 | D:6      | Found a stormy altar of Qazlal.
  6334 | D:6      | Found a shadowy altar of Dithmenos.
  6335 | D:6      | Found an opulent altar of Gozag.
  6338 | D:6      | Found an iron altar of Okawaru.
  7057 | D:7      | Splashed by a jelly's acid

Illustrated notes

Levels and vault maps discovered:
D:1:      dpeg_arrival_short_road, layout_loops_corners, minmay_misc_feat_x
D:2:      layout_basic
D:3:      layout_basic, kennysheep_slug_shrine, fedhas_altar_4,
          chequers_ecumenical_altar_simple, portal_sewer_entry_d,
          minmay_ruptured
D:4:      layout_loops_ring, nemelex_diamond_rough_becter, uniq_ijyb
D:5:      layout_basic, grunt_temple_overflow_holy_war, serial_shops, shop,
          shop, shop, kennysheep_little_box, nicolae_tso_carved_into_rock
D:6:      layout_loops_ring, minitemple
D:7:      minmay_recursive_quarters, layout_basic, overflow_temple_1_default,
          minmay_temple_entry_mist

Skill      XL: |  1  2  3  4  5  6  7  8 |
---------------+-------------------------+-----
Conjurations   | 5 6 7 8 |  8.9
Fighting       | 1 2 |  2.9
Spellcasting   | 4 5 |  5.6
Hexes          | 1 2 3 4 |  4.1
Short Blades   | 1 |  1.1
Dodging        | 3 4 |  4.5
Stealth        | |  2.4

Action                   |  1- 3 |  4- 6 |  7- 9 || total
-------------------------+-------+-------+-------++-------
Melee: Dagger            |    16 |    25 |    20 ||    61
       War axe           |       |     8 |       ||     8
 Cast: Magic Dart        |    60 |    63 |    24 ||   147
       Searing Ray       |     5 |    21 |    17 ||    43
       Dazzling Flash    |       |     7 |     5 ||    12
  Use: Scroll            |     4 |     5 |       ||     9
 Stab: Invisible         |       |     3 |     1 ||     4
Armor: Robe              |     4 |     3 |     4 ||    11
Dodge: Dodged            |    11 |    34 |    37 ||    82

Table legend:
 A = Non-vault XP
 B = Vault XP
 C = Vault XP percentage of total XP
 D = Non-vault monster count
 E = Vault monster count
 F = Vault count percentage of total count
                 A         B        C        D         E       F
            +---------+---------+-------+---------+---------+-------
      Total |    1761 |     103 |   5.5 |     104 |      24 |  18.8
            +---------+---------+-------+---------+---------+-------
        D:1 |      16 |       0 |   0.0 |       9 |       0 |   0.0
        D:2 |      38 |       0 |   0.0 |      17 |       0 |   0.0
        D:3 |     190 |      17 |   8.2 |      26 |       2 |   7.1
        D:4 |     272 |      40 |  12.8 |      19 |       1 |   5.0
        D:5 |     632 |       0 |   0.0 |      21 |       0 |   0.0
        D:6 |     610 |       0 |   0.0 |      11 |       0 |   0.0
        D:7 |       3 |       0 |   0.0 |       1 |       0 |   0.0
      Sewer |       0 |      46 | 100.0 |       0 |      21 | 100.0
            +---------+---------+-------+---------+---------+-------
